 Dungeon Crawl Stone Soup version 0.21.1-1-g345015f (webtiles) character file.

33 Melicamp the Skirmisher (level 3, 0/30 HPs)
             Began as a Human Monk on May 16, 2018.
             Succumbed to a worker ant's poison
             ... on level 1 of the Dungeon.
             The game lasted 00:04:33 (1135 turns).

Melicamp the Skirmisher (Human Monk)                Turns: 1135, Time: 00:04:33

Health: 0/30       AC:  5    Str: 17    XL:     3   Next: 47%
Magic:  3/3        EV: 12    Int: 10    God:
Gold:   50         SH:  0    Dex: 15    Spells: 2/2 levels left

rFire    . . .     SeeInvis .     - Unarmed
rCold    . . .     Gourm    .   (no shield)
rNeg     . . .     Faith    .   l - +0 ring mail
rPois    .         Spirit   .   (no helmet)
rElec    .         Reflect  .   (no cloak)
rCorr    .         Harm     .   (no gloves)
MR       .....                  (no boots)
Stlth    +.........             (no amulet)
HPRegen  0.10/turn              (no ring)
MPRegen  0.08/turn              (no ring)

@: mighty, lethally poisoned (0 -> -3)
A: no striking features
a: no special abilities


You were on level 1 of the Dungeon.
You were hungry.

You visited 1 branch of the dungeon, and saw 2 of its levels.

You collected 50 gold pieces.

Inventory:

Missiles
 c - 25 stones (quivered)
Armour
 l - a +0 ring mail (worn)
   (You found it on level 1 of the Dungeon)
Jewellery
 f - an uncursed ring of resist corrosion
   (You found it on level 1 of the Dungeon)
 h - a +3 ring of intelligence {unknown}
   (You found it on level 1 of the Dungeon)
 j - an uncursed ring of wizardry {unknown}
   (You found it on level 1 of the Dungeon)
Scrolls
 g - a scroll of teleportation
Comestibles
 b - 2 rations


   Skills:
 * Level 3.9 Fighting
 - Level 3.0 Dodging
 - Level 2.0 Stealth
 + Level 3.4 Unarmed Combat


You had 2 spell levels left.
You didn't know any spells.

Dungeon Overview and Level Annotations

Branches:
Dungeon (2/15)

Altars:


Message History

You climb downwards.
A worker ant, a hobgoblin and a kobold come into view.
Found 11 gold pieces.
Found an escape hatch in the ceiling.
Found a stone staircase leading up.
There is a stone staircase leading up here.
You climb upwards.
There is a stone staircase leading down here.
You are feeling hungry.
There is a stone staircase leading down here.
You climb downwards.
Found 2 smoky emerald potions.
There is a stone staircase leading up here.
The helpless worker ant fails to defend itself.
You hit the worker ant.
The worker ant is moderately wounded.
The worker ant bites you.
You barely miss the worker ant.
The worker ant is moderately wounded.
The worker ant misses you.
You hit the worker ant.
The worker ant is heavily wounded.
The worker ant closely misses you.
The worker ant bites you but does no damage.
You climb upwards.
There is a stone staircase leading down here.
You hit the worker ant.
The worker ant is severely wounded.
The worker ant closely misses you.
You closely miss the worker ant.
The worker ant is severely wounded.
The worker ant bites you but does no damage.
The worker ant barely misses you.
You closely miss the worker ant.
The worker ant is severely wounded.
The worker ant barely misses you.
You hit the worker ant.
The worker ant is severely wounded.
The worker ant bites you.
Your ring mail prevents you from hitting the worker ant.
The worker ant is severely wounded.
The worker ant barely misses you.
You hit the worker ant.
The worker ant is almost dead.
The worker ant bites you.
You are poisoned.
The worker ant poisons you!
You hit the worker ant but do no damage.
The worker ant is almost dead.
You feel sick. The worker ant barely misses you.
You hit the worker ant but do no damage.
The worker ant is almost dead.
The worker ant bites you but does no damage.
You closely miss the worker ant.
The worker ant is almost dead.
You feel sick. The worker ant bites you.
You are lethally poisoned!
The worker ant poisons you!
You hit the worker ant but do no damage.
The worker ant is almost dead.
You feel sick. The worker ant barely misses you.
The worker ant closely misses you.
You hit the worker ant.
The worker ant is almost dead.
You feel sick. The worker ant bites you.
* * * LOW HITPOINT WARNING * * *
You hit the worker ant.
You kill the worker ant!
You have reached level 3!
Your experience leads to an increase in your attributes!
Increase (S)trength, (I)ntelligence, or (D)exterity?
You feel stronger.
* * * LOW HITPOINT WARNING * * *
You feel sick.
Sorry, you're not good enough to have a special ability.
It was a potion of might.
You feel very mighty all of a sudden.
* * * LOW HITPOINT WARNING * * *
You feel sick.
* * * LOW HITPOINT WARNING * * *
You feel sick.
* * * LOW HITPOINT WARNING * * *
You feel sick.
* * * LOW HITPOINT WARNING * * *
You feel sick.
* * * LOW HITPOINT WARNING * * *
You feel sick.
There is a lethal amount of poison in your body!
As you read the scroll labeled WUKAMM NEQI, it crumbles to dust.
You feel strangely unstable.
It was a scroll of teleportation.
* * * LOW HITPOINT WARNING * * *
You feel sick.
As you read the scroll labeled OLICLERUWU, it crumbles to dust.
You feel momentarily disoriented.
It was a scroll of magic mapping.
As you read the scroll labeled KUM CUNGECEKKE, it crumbles to dust.
It is a scroll of identify.
f - an uncursed ring of resist corrosion
* * * LOW HITPOINT WARNING * * *
You feel sick.
Your surroundings suddenly seem different.
You die...

### ### #.#### #.#
#....########.#######
#.#................)########
#.#################........#
#............@# ##########.#
#############.# #........#.#
########### #.# #.######.#.###
#.........# #.# #.# #.#.##.
##.###.....#####.###.######.#..#.
>................................
.....#.....#######.......##[#..##
.)...#.....'...#..........#....#
.....##....###.#.#........##...##


There were no monsters in sight!

Vanquished Creatures
  A worker ant (D:1)
  A hobgoblin (D:1)
  2 jackals (D:1)
  A frilled lizard (D:1)
  4 kobolds (D:1)
  A rat (D:1)
10 creatures vanquished.

Notes
Turn   | Place    | Note
-------+----------+-------------------------------------------
     0 | D:1      | Melicamp the Human Monk began the quest for the Orb.
     0 | D:1      | Reached XP level 1. HP: 18/18 MP: 1/1
   415 | D:1      | Reached XP level 2. HP: 24/24 MP: 2/2
  1120 | D:1      | HP: 6/24 [worker ant (3)]
  1121 | D:1      | Reached XP level 3. HP: 8/30 MP: 3/3
  1125 | D:1      | HP: 4/30 [poisoned by a worker ant]
  1130 | D:1      | HP: 2/30 [poisoned by a worker ant]
  1135 | D:1      | Succumbed to a worker ant's poison

Action                   || total
-------------------------++-------
Melee: Unarmed           ||    50
Throw: Stone             ||     4
  Use: Scroll            ||     3
       Potion            ||     1
 Stab: Sleeping          ||     3
Armor: Robe              ||     3
       Ring mail         ||     3
Dodge: Dodged            ||    27

Vault maps used:
D:1:      minmay_arrival_plants_in_alcoves
D:2:      kennysheep_generic_room_10

Table legend:
 A = Turns spent in this place as a percentage of turns spent in the entire game.
 B = Non-inter-level travel turns spent in this place as a percentage of non-inter-level travel turns spent in the entire game.
 C = Inter-level travel turns spent in this place as a percentage of turns spent in this place.
 D = Turns resting spent in this place as a percentage of non-inter-level travel turns spent in this place.
 E = Turns spent auto-exploring this place as a percentage of non-inter-level travel turns spent in this place.
 F = Non-inter-level travel turns spent in this place divided by the number of levels of this place that you've seen.
                   A       B       C       D       E      F
               +-------+-------+-------+-------+-------+----------------------
         Total | 100.0 | 100.0 |  15.5 |  22.0 |  20.0 | 479.5
       Dungeon | 100.0 | 100.0 |  15.5 |  22.0 |  20.0 | 479.5
               +-------+-------+-------+-------+-------+----------------------

Table legend:
 A = Kills in this place as a percentage of kills in entire the game.
 B = Kills by you in this place as a percentage of kills by you in the entire game.
 C = Kills by friends in this place as a percentage of kills by friends in the entire game.
 D = Other kills in this place as a percentage of other kills in the entire game.
 E = Experience gained in this place as a percentage of experience gained in the entire game.
 F = Experience gained in this place divided by the number of levels of this place that you have seen.
                   A       B       C       D       E      F
               +-------+-------+-------+-------+-------+----------------------
         Total | 100.0 | 100.0 |   N/A |   N/A | 100.0 |  24.0
       Dungeon | 100.0 | 100.0 |   N/A |   N/A | 100.0 |  24.0
               +-------+-------+-------+-------+-------+----------------------
